 Dungeon Sprint DCSS version 0.28.0-53-g5a82cb258f (webtiles) character file.

Game seed: 5285791287108130072

10674 Zeld the Executioner (level 11, -1/175 HPs)
             Began as a Minotaur Berserker on June 5, 2022.
             Was the Champion of Trog.
             Slain by a spriggan defender
             ... wielding a +0 dagger
              (16 damage)
             ... in the Dungeon (Sprint III: "The Ten Rune Challenge").
             The game lasted 00:03:12 (4586 turns).

Zeld the Executioner (Minotaur Berserker)           Turns: 4586, Time: 00:03:13

Health: -1/175     AC:  4    Str: 26    XL:     11   Next: 39%
Magic:  10/10      EV: 20    Int:  1    God:    Trog [******]
Gold:   59         SH:  0    Dex: 14    Spells: 10/10 levels left

rFire   + . .      SeeInvis .   a - +5 executioner's axe of Voudacot {vorpal, rF+ Int-3 Dex+4}
rCold   . . .      Faith    .   (shield currently unavailable)
rNeg    . . .      Spirit   .   b - +0 animal skin
rPois   +          Reflect  .   (helmet restricted)
rElec   .          Harm     .   j - +1 cloak {rPois}
rCorr   .          Rampage  .   (no gloves)
Will    .....      NoTele   +   (no boots)
Stlth   ..........              (no amulet)
HPRegen 0.39/turn               (no ring)
MPRegen 0.12/turn               (no ring)

@: berserking, very quick
A: horns 2, retaliatory headbutt
a: Renounce Religion, Berserk, Trog's Hand, Brothers in Arms


You were in the Dungeon.
You worshipped Trog.
Trog was exalted by your worship.
You visited 1 branch You collected 59 gold pieces.

Inventory:

Hand Weapons
 a - the +5 executioner's axe of Voudacot (weapon) {vorpal, rF+ Int-3 Dex+4}
   (Trog gifted it to you in the Dungeon)

   It inflicts extra damage upon your enemies.
   Int:       It affects your intelligence (-3).
   Dex:       It affects your dexterity (+4).
   rF:        It protects you from fire.
Armour
 b - a +0 animal skin (worn)
 j - a +1 cloak of poison resistance (worn)
Scrolls
 h - a scroll of blinking
 i - a scroll of enchant armour
 l - 2 scrolls of holy word
 m - a scroll of immolation {unknown}
Potions
 c - a potion of curing
 d - 2 potions of heal wounds
 e - 2 potions of haste
 f - 2 potions of magic
 g - a potion of berserk rage
 k - 4 potions of mutation {unknown}
 o - a potion of flight {unknown}
 p - a potion of might
Miscellaneous
 q - a phantom mirror


   Skills:
 + Level 17.3 Fighting
 * Level 23.3 Axes
 - Level 2.4 Armour
 + Level 15.7 Dodging


You had 10 spell levels left.
You didn't know any spells.
Your spell library was empty.

Dungeon Overview and Level Annotations

Branches:
Dungeon (1/1)

Altars:
Cheibriados
Dithmenos
Elyvilon
Fedhas
Gozag
Hepliaklqana
Kikubaaqudgha
Makhleb
Nemelex Xobeh
Okawaru
Qazlal
Ru
Sif Muna
Trog
Uskayaw
Vehumet
Wu Jian
Xom
Yredelemnul
Zin
The Shining One
Beogh
Jiyva
Lugonu


Innate Abilities, Weirdness & Mutations

You have a pair of horns on your head.
You reflexively headbutt those who attack you in melee.


Message History

Unknown command.
You slice the spriggan defender like a ripe choko!!!
You kill the spriggan defender!
Trog accepts your kill.
You completely miss the spriggan defender.
The spriggan defender closely misses you.
Unknown command.
You miss the spriggan defender. You headbutt the spriggan defender!
The spriggan defender is moderately wounded.
The spriggan defender misses you.
You chop the spriggan defender into pieces!!!
You kill the spriggan defender!
Trog accepts your kill.
You slice the spriggan defender!!
The spriggan defender hits you with a +0 dagger!!
Unknown command.
You are too injured to fight recklessly!
You are too injured to fight recklessly!
Unknown command.
You are too injured to fight recklessly!
A red film seems to cover your vision as you go berserk!
You feel yourself moving faster!
You feel mighty!
The spriggan defender hits you with a +0 dagger!!
* * * LOW HITPOINT WARNING * * *
The spriggan defender hits you with a +0 dagger!
* * * LOW HITPOINT WARNING * * *
You miss the spriggan defender.
The spriggan defender is heavily wounded.
The spriggan defender hits you with a +0 dagger.
* * * LOW HITPOINT WARNING * * *
You barely miss the spriggan defender.
The spriggan defender is heavily wounded.
The spriggan defender closely misses you.
You furiously retaliate!
You headbutt the spriggan defender!
Unknown command.
You closely miss the spriggan defender.
Your headbutt misses the spriggan defender.
The spriggan defender is severely wounded.
The spriggan defender hits you with a +0 dagger!
You die...

...#
#.....# c≈
####
#'#####
#.....+
#.#########
#.#$.P.....
#.#PP.....#
#.#P....###
#.#i).###.#
#.#@###§§.#
#.#'#§§§§§#
#§#...§§§.#
#§#...§§§.#
#......§§§#
#########§#
#§§ ..§§
....


You could see a spriggan defender.

Vanquished Creatures
  Sigmund (D)
  Erolcha (D)
  Urug (D)
  An obsidian statue (D)
  A lindwurm (D)
  A deep elf pyromancer (D)
  2 cane toads (D)
  Edmund (D)
  A rime drake (D)
  A komodo dragon (D)
  3 spriggan defenders (D)
  5 blink frogs (D)
  2 orc high priests (D)
  2 tyrant leeches (D)
  A shadow (D)
  5 redbacks (D)
  A spatial vortex (D)
  A swamp drake (D)
  A necrophage (D)
  5 two-headed ogres (D)
  A water elemental (D)
  3 wandering mushrooms (D)
  A jelly (D)
  2 orc priests (D)
  Crazy Yiuf (D)
  A wizard (D)
  A necromancer (D)
  3 humans (D)
  A kobold demonologist (D)
  An endoplasm (D)
  3 rats (D)
55 creatures vanquished.

Vanquished Creatures (others)
  A hydra (D)
  12 plants (D)
13 creatures vanquished.

Grand Total: 68 creatures vanquished

Notes
Turn   | Place    | Note
-------+----------+-------------------------------------------
     0 | D        | Zeld the Minotaur Berserker began the quest for the Orb.
     0 | D        | Reached XP level 1. HP: 19/19 MP: 0/0
     9 | D        | Reached skill level 4 in Axes
    47 | D        | Reached ** piety under Trog
    71 | D        | Noticed Crazy Yiuf
    77 | D        | Killed Crazy Yiuf
    78 | D        | Reached skill level 5 in Fighting
    78 | D        | Reached skill level 6 in Axes
    78 | D        | Reached XP level 2. HP: 15/29 MP: 1/1
    78 | D        | Reached XP level 3. HP: 19/36 MP: 2/2
   340 | D        | Noticed a water elemental
   344 | D        | Killed a water elemental
   345 | D        | Reached skill level 8 in Axes
   345 | D        | Reached skill level 5 in Dodging
   345 | D        | Reached XP level 4. HP: 45/45 MP: 3/3
   547 | D        | Found a radiant altar of Vehumet.
   547 | D        | Found a shimmering blue altar of Sif Muna.
   547 | D        | Found an ancient bone altar of Kikubaaqudgha.
   547 | D        | Noticed a wizard
   552 | D        | Killed a wizard
   552 | D        | Reached *** piety under Trog
   553 | D        | Reached skill level 9 in Axes
   558 | D        | Noticed a red devil
   560 | D        | Noticed a ynoxinul
   561 | D        | Reached XP level 5. HP: 25/52 MP: 4/4
   729 | D        | Found a basalt altar of Yredelemnul.
   729 | D        | Found a shadowy altar of Dithmenos.
   729 | D        | Found a sacrificial altar of Ru.
   729 | D        | Noticed a necrophage
   741 | D        | Killed a necrophage
   741 | D        | Reached **** piety under Trog
   742 | D        | Reached skill level 10 in Axes
   893 | D        | Found a hide-covered altar of Uskayaw.
   893 | D        | Found an iron altar of Okawaru.
   893 | D        | Found a bloodstained altar of Trog.
   893 | D        | Found an ornate altar of the Wu Jian Council.
   893 | D        | Noticed a human
   894 | D        | Noticed a human
   899 | D        | Killed a human
   900 | D        | Reached skill level 12 in Axes
   900 | D        | Reached XP level 6. HP: 63/63 MP: 5/5
   906 | D        | Killed a human
   907 | D        | Reached skill level 13 in Axes
   907 | D        | Reached XP level 7. HP: 70/71 MP: 6/6
  1007 | D        | Found a glowing silver altar of Zin.
  1007 | D        | Found a glowing golden altar of the Shining One.
  1007 | D        | Found a white marble altar of Elyvilon.
  1008 | D        | Noticed a deep elf pyromancer
  1015 | D        | Killed a deep elf pyromancer
  1016 | D        | Reached skill level 14 in Axes
  1174 | D        | Noticed a shadow
  1182 | D        | Reached ***** piety under Trog
  1182 | D        | Killed a shadow
  1183 | D        | Reached skill level 15 in Axes
  1183 | D        | Reached skill level 10 in Dodging
  1183 | D        | Reached XP level 8. HP: 70/82 MP: 7/7
  1210 | D        | Found a blossoming altar of Fedhas.
  1210 | D        | Found a stormy altar of Qazlal.
  1210 | D        | Found a snail-covered altar of Cheibriados.
  1210 | D        | Found a burning altar of Makhleb.
  1210 | D        | Found a shimmering altar of Xom.
  1214 | D        | Found a hazy altar of Hepliaklqana.
  1214 | D        | Found an opulent altar of Gozag.
  1214 | D        | Found a sparkling altar of Nemelex Xobeh.
  1214 | D        | Found a corrupted altar of Lugonu.
  1214 | D        | Found a viscous altar of Jiyva.
  1392 | D        | Reached skill level 16 in Axes
  1482 | D        | Noticed a two-headed ogre
  1490 | D        | Killed a two-headed ogre
  1576 | D        | Noticed a two-headed ogre
  1576 | D        | Noticed Erolcha
  1590 | D        | Killed Erolcha
  1591 | D        | Reached skill level 17 in Axes
  1591 | D        | Reached XP level 9. HP: 64/93 MP: 8/8
  1596 | D        | Killed a two-headed ogre
  1597 | D        | Reached skill level 18 in Axes
  2163 | D        | Noticed a wandering mushroom
  2167 | D        | Noticed a wandering mushroom
  2169 | D        | Noticed a wandering mushroom
  2651 | D        | Noticed a cane toad
  2651 | D        | Noticed a komodo dragon
  2651 | D        | Noticed a cane toad
  2657 | D        | Killed a cane toad
  2657 | D        | Reached ****** piety under Trog
  2664 | D        | Killed a cane toad
  2664 | D        | Identified the +5 executioner's axe of Voudacot {vorpal,
                  | rF+ Int-3 Dex+4} (Trog gifted it to you in the Dungeon)
  2664 | D        | Received a gift from Trog
  2665 | D        | Reached skill level 19 in Axes
  2669 | D        | Killed a komodo dragon
  2670 | D        | Reached XP level 10. HP: 104/104 MP: 9/9
  3086 | D        | Reached skill level 20 in Axes
  3093 | D        | Reached skill level 15 in Fighting
  3235 | D        | Received a gift from Trog
  3481 | D        | Noticed a lindwurm
  3485 | D        | Killed a lindwurm
  3486 | D        | Reached skill level 21 in Axes
  3690 | D        | Noticed Urug
  3694 | D        | Killed Urug
  3858 | D        | Noticed a six-headed hydra
  3858 | D        | Noticed a six-headed hydra
  3905 | D        | Noticed Edmund
  3906 | D        | Noticed Sigmund
  3913 | D        | Killed Sigmund
  3913 | D        | Received a gift from Trog
  3914 | D        | Reached skill level 22 in Axes
  3914 | D        | Reached skill level 15 in Dodging
  3914 | D        | Reached XP level 11. HP: 116/116 MP: 10/10
  3915 | D        | Killed Edmund
  4109 | D        | Noticed a yaktaur captain
  4110 | D        | Noticed a yaktaur captain
  4317 | D        | Killed a six-headed hydra
  4435 | D        | Noticed an obsidian statue
  4442 | D        | Noticed a sun demon
  4442 | D        | Killed an obsidian statue
  4443 | D        | Reached skill level 23 in Axes
  4577 | D        | Identified the +11 battleaxe "Morakoem" {vorpal, Dex+3}
                  | (Trog gifted it to you in the Dungeon)
  4577 | D        | Received a gift from Trog
  4586 | D        | Slain by a spriggan defender

Illustrated notes

Levels and vault maps discovered:
D:        dungeon_sprint_mu [sprint_mu_entry_cave, sprint_mu_temple_rooms,
          sprint_mu_d1_spiders, sprint_mu_d2_genie, sprint_mu_d3_branching,
          sprint_mu_orc_legion, sprint_mu_elf_gauntlet, sprint_mu_hive_nellie,
          sprint_mu_lair_fedhas, sprint_mu_vaults_butterflies,
          sprint_mu_slime_circle, sprint_mu_shoals_kraken,
          sprint_mu_snake_twists, sprint_mu_blade_basic,
          sprint_mu_crypt_chambers, sprint_mu_tomb_spiral,
          sprint_mu_vestibule_basic, sprint_mu_gehenna_hellfire,
          sprint_mu_dis_giant, sprint_mu_tartarus_statrot,
          sprint_mu_cocytus_islands, sprint_mu_zot1]

Skill      XL: |  1  2  3  4  5  6  7  8  9 10 11 |
---------------+----------------------------------+-----
Fighting       | 5 6 7 9 11 13 14 16 17 | 17.3
Axes           | 6 8 9 12 13 15 17 19 22 23 | 23.3
Dodging        | 3 5 8 10 11 13 15 | 15.7
Armour         | |  2.4

Action                   |  1- 3 |  4- 6 |  7- 9 | 10-12 || total
-------------------------+-------+-------+-------+-------++-------
Melee: Hand axe          |    14 |    41 |   106 |       ||   161
       Headbutt          |     2 |     6 |    21 |    14 ||    43
       Punch             |       |       |     2 |       ||     2
       Executioner's axe |       |       |       |    70 ||    70
Invok: Berserk           |     2 |     1 |     7 |     3 ||    13
  Use: Scroll            |       |       |       |     2 ||     2
 Stab: Sleeping          |       |       |       |     3 ||     3
Armor: Animal skin       |       |    12 |     5 |     5 ||    22
Dodge: Dodged            |     4 |    10 |    39 |    55 ||   108
